AoeStats
← Josmi-Ga'lock

Nomad

509692555Analyzed
3v3 RM · 6d ago on Sep 27, 2026· 80m 23s· 6 players
Game mode
Random Map
Map size
210×210
Population
200
Speed
Normal
Resources
Standard
Victory
Conquest
Starting age
Dark Age
Ending age
Imperial Age
RankedLock teamsTeams togetherTeam positionsShared explorationLock speedFull tech treeHidden civsTurbo modeCheats
Victory
Defeat
🇧🇷 Italians · Brazil
991
+15
🇻🇪 Burgundians · Venezuela
969
+15
🇦🇷 Saxons · Argentina
925
+18
🇦🇹 Chinese · Austria
985
-17
🇦🇹 Teutons · Austria
950
-16
🇦🇹 Sicilians · Austria
937
-15
prayforgood
4:29 Loom
6:39 Loom
14:55 Feudal Age
17:05 Double-Bit Axe
17:12 Stone Mining
19:06 Wheelbarrow
20:19 Gold Mining
20:56 Fishing Lines
24:17 Fletching
24:28 Padded Archer Armor
25:31 Horse Collar
39:54 Castle Age
37:41 Town Watch
43:04 Gillnets
49:07 Imperial Age
46:53 Hand Cart
47:35 Stone Shaft Mining
47:36 Gold Shaft Mining
50:01 Town Patrol
51:57 Husbandry
52:08 Bloodlines
57:53 Hoardings
59:42 Ballistics
59:18 Murder Holes
59:09 Arrowslits
59:46 Pikeman
60:26 Squires
60:42 Forging
60:32 Scale Mail Armor
62:50 Conscription
62:48 Halberdier
66:11 Elite Skirmisher
73:00 Elite Serjeant
78:56 Leather Archer Armor
78:37 Bodkin Arrow
Joule
5:54 Loom
18:40 Feudal Age
19:27 Fishing Lines
23:37 Castle Age
21:29 Horse Collar
21:45 Double-Bit Axe
25:04 Bow Saw
26:27 Wheelbarrow
26:39 Town Watch
26:56 Stone Mining
26:58 Gold Mining
28:20 Heavy Plow
30:09 Hand Cart
30:27 Forging
30:23 Scale Barding Armor
30:33 Forging
30:36 Scale Mail Armor
32:50 Town Patrol
35:38 Fletching
41:14 Bloodlines
41:42 Iron Casting
41:22 Chain Mail Armor
41:27 Chain Barding Armor
43:16 Stone Shaft Mining
48:48 Imperial Age
47:09 Gillnets
47:54 Chain Barding Armor
47:32 Bodkin Arrow
48:24 Arson
48:40 Squires
48:00 Pikeman
49:24 Ballistics
49:15 Masonry
50:36 Chemistry
50:28 Crenellations
50:29 Conscription
51:46 Blast Furnace
51:17 Plate Mail Armor
53:29 Masonry
55:05 Two-Man Saw
54:41 Crop Rotation
55:23 Sappers
57:22 Siege Engineers
65:03 Medium Warships
65:55 Elite Teutonic Knight
67:55 Heavy Warships
69:21 Hoardings
WormholeWizZard
4:02 Loom
16:11 Feudal Age
17:07 Double-Bit Axe
18:22 Fishing Lines
19:27 Gold Mining
20:15 Wheelbarrow
21:52 Stone Mining
24:29 Castle Age
23:42 Town Watch
23:57 Fletching
25:22 Bow Saw
25:30 Hand Cart
25:13 Bodkin Arrow
25:57 Stone Shaft Mining
25:58 Gold Shaft Mining
25:19 Gillnets
30:00 Padded Archer Armor
35:35 Murder Holes
36:01 Ballistics
35:53 Masonry
39:10 Town Patrol
40:20 Leather Archer Armor
40:16 Forging
40:52 Great Wall
41:29 Clinker Construction
43:59 Imperial Age
44:43 Bracer
45:13 Ring Archer Armor
45:50 Chemistry
45:21 Architecture
44:33 Elite Chu Ko Nu
45:36 Conscription
48:00 Two-Man Saw
48:09 Caravan
48:39 Coinage
49:15 Rocketry
52:25 Iron Casting
56:59 Heavy Rocket Cart
60:57 Heavy Scorpion
65:08 Blast Furnace
68:31 Banking
Abyssus
4:55 Loom
13:36 Fishing Lines
16:14 Feudal Age
15:43 Double-Bit Axe
17:01 Gillnets
17:08 Stone Mining
17:11 Horse Collar
18:23 Bow Saw
23:34 Castle Age
23:25 Stone Shaft Mining
24:38 Fletching
24:49 Scale Mail Armor
24:56 Scale Barding Armor
26:08 Two-Man Saw
30:30 Bodkin Arrow
31:33 Murder Holes
32:22 Gold Mining
38:01 Wheelbarrow
41:11 Hand Cart
41:14 Town Watch
43:20 Heavy Plow
49:09 Imperial Age
51:28 Conscription
51:11 Scale Mail Armor
51:34 Chain Barding Armor
51:25 Forging
53:09 Chemistry
51:51 Treadmill Crane
54:23 Padded Archer Armor
54:59 Plate Barding Armor
53:48 Elite Coustillier
58:05 Hoardings
62:11 Medium Warships
63:32 Iron Casting
62:57 Bracer
71:46 Husbandry
71:07 Light Cavalry
75:34 Elite Skirmisher
76:05 Hussar
Josmi-Ga'lock
7:34 Loom
16:47 Feudal Age
17:12 Town Watch
17:20 Double-Bit Axe
19:55 Stone Mining
20:56 Fletching
20:56 Fishing Lines
28:24 Castle Age
26:13 Horse Collar
26:21 Arson
27:36 Scale Mail Armor
27:47 Forging
27:38 Gold Mining
30:14 Squires
32:28 Chain Mail Armor
32:48 Iron Casting
34:38 Bodkin Arrow
36:53 Treadmill Crane
37:50 Ballistics
38:38 Masonry
38:39 Fortified Wall
41:41 Gold Shaft Mining
44:57 Imperial Age
44:15 Wheelbarrow
44:58 Murder Holes
46:05 Conscription
45:11 Capped Ram
46:41 Gillnets
47:19 Gambesons
47:48 Elite Varangian Guard
49:07 Shield Wall
52:35 Architecture
52:12 Siege Engineers
53:08 Chemistry
52:57 Bow Saw
54:36 Heavy Plow
55:06 Bracer
55:38 Plate Mail Armor
57:52 Two-Man Saw
59:41 Thumb Ring
59:36 Elite Skirmisher
60:19 Padded Archer Armor
61:17 Elite Hearth Troop
65:59 Hand Cart
69:20 Crop Rotation
74:48 Leather Archer Armor
77:42 Guilds
ChronoMiner
3:27 Loom
16:26 Feudal Age
16:58 Double-Bit Axe
19:53 Horse Collar
29:10 Castle Age
34:31 Heavy Plow
50:28 Imperial Age
48:42 Town Watch
49:32 Wheelbarrow
48:51 Fletching
48:27 Elite Skirmisher
49:13 Thumb Ring
49:28 Town Patrol
49:51 Gold Mining
49:54 Stone Mining
50:36 Bodkin Arrow
53:29 Chemistry
52:24 Murder Holes
52:49 Ballistics
54:31 Heated Shot
54:19 Elite Genoese Crossbowman
56:11 Conscription
57:44 Pirotechnia
59:29 Bow Saw
59:53 Crop Rotation
60:46 Medium Warships
60:02 Demolition Ship
60:59 Medium Warships
61:14 Bracer
62:23 Heavy Warships
64:13 Bloodlines
64:04 Husbandry
63:24 Light Cavalry
64:45 Hussar
65:37 Scale Barding Armor
68:59 Hoardings
76:02 Chain Barding Armor
78:07 Plate Barding Armor
Connection lost

Rejoining the realm…

Still unreachable

The connection could not be restored.

Session expired

The server has moved on; the page needs a fresh start.